cohdb
Replays
Latest Replays
All Replays
Popular Replays
Top Player Replays
Match Explorer
How It Works
Community
CoH3 Stats
Reddit
Sign in to upload your games and track your stats! →
Sign in with Steam
Match 44860335
Unlisted
Match 44860335
Overview
Messages
Build Orders
End
Kradschützen Motorcycle Team
250 Light Carrier
Panzerpioneer Squad
Construct Light Support Kompanie
Assault Grenadier Squad
MG34 Team
Fire Support Elements
Panzerjäger Squad
Panzerjäger Mechanized Group
Flakvierling Half-track
2.5-tonne Medical Truck
Assault Mechanized Group
MG34 Team
Construct Panzerarmee Kommand
Pak 38 Anti-tank Gun Team
Brother
KIKYOU_MY_WIFE
0
0
Comments
sign in to comment!
No comments posted yet!